 Dungeon Crawl Stone Soup version 0.31-a0-265-gcf7e37af1d (webtiles) character file.

Game seed: 17755463668701606917

107 qw the Shooter (level 4, -1/36 HPs)
             Began as a Minotaur Hexslinger on July 13, 2023.
             Slain by an orc priest
             ... wielding a +0 trident
              (5 damage)
             ... on level 3 of the Dungeon.
             The game lasted 00:00:31 (1489 turns).

qw the Shooter (Minotaur Hexslinger)                Turns: 1489, Time: 00:00:32

Health: -1/36      AC:  8    Str: 13    XL:     4   Next: 56%
Magic:  13/13      EV: 11    Int: 16    God:
Gold:   82         SH:  0    Dex: 14    Spells: 4/5 levels left

rFire   + . .        e - +5 arbalest of the Vanishing Wishes {penet, rF+}
rCold   . . .        (shield currently unavailable)
rNeg    . . .        g - +0 ring mail
rPois   .            (helmet unavailable)
rElec   .            (no cloak)
rCorr   .            (no gloves)
SInv    .            c - +2 pair of boots of the Hart {Rampage MP+9 Int+6 Slay-3}
Will    .....        (no amulet)
Stlth   +            (no ring)
HPRegen 0.26/turn    (no ring)
MPRegen 0.13/turn

%: rampage
@: no status effects
A: horns 3, retaliatory headbutt, teleportitis 1, no potion heal 1
a: no special abilities


You were on level 3 of the Dungeon.
You visited 1 branch of the dungeon, and saw 3 of its levels.

You collected 82 gold pieces.


Innate Abilities, Weirdness & Mutations

You have a pair of large horns on your head.
You reflexively headbutt those who attack you in melee.
You are occasionally teleported next to monsters.
Potions are less effective at restoring your health.


   Skills:
 - Level 2.1 Fighting
 + Level 4.9 Ranged Weapons
 - Level 1.0 Armour
 - Level 2.1 Dodging
 - Level 1.0 Spellcasting
 - Level 2.0 Hexes


You had 4 spell levels left.
You knew the following spells:

 Your Spells              Type           Power      Damage    Failure   Level
a - Slow                  Hex            28%        N/A       22%         1

Your spell library contained the following spells:

 Spells                   Type           Power      Damage    Failure   Level
 Inner Flame              Hex/Fire       4%         N/A       67%         3
 Portal Projectile        Hex/Tloc       8%         N/A       67%         3
 Cause Fear               Hex            3%         N/A       91%         4

Inventory:

Hand Weapons
 e - the +5 arbalest of the Vanishing Wishes (weapon) {penet, rF+}
   (You found it on level 2 of the Dungeon)

   rF:        It protects you from fire.
Armour
 c - the +2 pair of boots of the Hart (worn) {Rampage MP+9 Int+6 Slay-3}
   (You acquired it on level 2 of the Dungeon)

   Int:       It affects your intelligence (+6).
   Slay:      It affects your accuracy & damage with ranged weapons and melee
   (-3).
   MP:        It affects your magic capacity (+9).
   Rampage:   It bestows one free step when moving towards enemies.
 g - a +0 ring mail (worn)
Scrolls
 a - a scroll of identify
Potions
 b - a potion of cancellation
 d - a potion of curing

Dungeon Overview and Level Annotations

Branches:
Dungeon (3/15)

Altars:


Message History

The orc priest calls down the wrath of Beogh upon you.
Beogh smites you!
The orc hits you from afar with a +0 trident.
An orc comes into view. It is wielding a +0 mace.
The adder bites you but does no damage.
You shoot a bolt. The bolt pierces through the adder.
The adder is moderately wounded.
The orc priest calls down the wrath of Beogh upon you.
You barely resist. The orc barely misses you. The adder barely misses you.
The orc barely misses you.
The orc priest hits you but does no damage.
The adder bites you but does no damage.
You shoot a bolt. The bolt closely misses the adder.
The adder bites you. The orc priest misses you.
The orc hits you from afar with a +0 trident.
The adder misses you. You furiously retaliate!
You headbutt the adder!
You kill the adder!
The orc hits you with a +0 mace.
The orc priest hits you but does no damage.
The orc barely misses you.
You shoot a bolt. The bolt barely misses the orc. x2
The orc priest hits you from afar with a +0 trident.
The orc misses you. The orc hits you with a +0 mace.
The orc hits you from afar with a +0 trident.
The orc priest hits you but does no damage.
The orc barely misses you. You furiously retaliate!
You headbutt the orc. You shoot a bolt. The bolt closely misses the orc.
The bolt pierces through the orc!
You kill the orc!
The orc priest misses you. The orc misses you.
You shoot a bolt. The bolt completely misses the orc.
The orc priest calls upon Beogh to heal the orc.
The orc's wounds heal themselves!
The orc misses you. You furiously retaliate!
You headbutt the orc, but do no damage. The orc hits you but does no damage.
The orc priest closely misses you.
You shoot a bolt. The bolt pierces through the orc!
You kill the orc!
The orc priest misses you.
The orc priest hits you from afar with a +0 trident.
You die...

+++############# .#
...............# o.#
...~~~~~~~~~~~~#####
...~~~~~~~~~~~~~~~~~
...~~~~~~~~~~~~~~~~~
.....%..............
......%)...)%.......
.#######<).@))......
######o......
....... .......
....... o......
....... .......


You could see an orc priest.

Vanquished Creatures
  An orc priest (D:3)
  A gnoll (D:3)
  3 adders
  A worm (D:3)
  3 orcs (D:3)
  2 ball pythons (D:2)
  3 bats
  3 endoplasms
  3 giant cockroaches
  2 hobgoblins (D:1)
  4 jackals (D:3)
  2 quokkas (D:2)
  4 frilled lizards
  2 goblins (D:2)
  3 kobolds
  3 rats
40 creatures vanquished.

Notes
Turn   | Place    | Note
-------+----------+-------------------------------------------
     0 | D:1      | qw the Minotaur Hexslinger began the quest for the Orb.
     0 | D:1      | Reached XP level 1. HP: 16/16 MP: 1/1
     0 | D:1      | 0 ||| qw: Version: 0.3-a-52-g30416fa
     0 | D:1      | 0 ||| qw: Game counter: 7577
     0 | D:1      | 0 ||| qw: Melee chars always use a shield: true
     0 | D:1      | 0 ||| qw: God list: Okawaru
     0 | D:1      | 0 ||| qw: Allow faded altars: false
     0 | D:1      | 0 ||| qw: Do Orc after clearing Dungeon:15 true
     0 | D:1      | 0 ||| qw: Do second Lair branch before Depths: true
     0 | D:1      | 0 ||| qw: Lair rune preference: random
     0 | D:1      | 0 ||| qw: Goals: Normal
     0 | D:1      | 0 ||| PLANNING D:1-11
   348 | D:1      | Reached skill level 3 in Ranged Weapons
   350 | D:1      | Reached XP level 2. HP: 23/23 MP: 2/2
   673 | D:1      | Found a faded altar of an unknown god.
   726 | D:1      | 726 ||| UPGRADING to +0 ring mail.
   736 | D:1      | 736 ||| DROPPING +0 robe.
   737 | D:1      | 737 ||| READING 3 scrolls labelled WUZEUDOLIMP.
   738 | D:1      | 738 ||| READING scroll labelled UXEOGY RAOLOL.
   839 | D:1      | 839 ||| READING scroll labelled QEFFEX FESHRIG.
   842 | D:1      | 842 ||| DRINKING 2 glowing green potions.
   842 | D:1      | Gained mutation: You are frail. (-10% HP) [potion of
                  | mutation]
   842 | D:1      | Gained mutation: You are strong-willed. (Will+) [potion of
                  | mutation]
   843 | D:1      | 843 ||| DRINKING potion of mutation.
   843 | D:1      | Lost mutation: You are strong-willed. (Will+) [potion of
                  | mutation]
   843 | D:1      | Lost mutation: You are frail. (-10% HP) [potion of
                  | mutation]
   843 | D:1      | Gained mutation: Potions are less effective at restoring
                  | your health. [potion of mutation]
   843 | D:1      | Gained mutation: You are occasionally teleported next to
                  | monsters. [potion of mutation]
   843 | D:1      | Gained mutation: You have a pair of large horns on your
                  | head. [potion of mutation]
   853 | D:1      | 853 ||| DROPPING scroll of poison.
   991 | D:2      | Reached XP level 3. HP: 29/29 MP: 3/3
  1341 | D:2      | Identified the +5 arbalest of the Vanishing Wishes {penet,
                  | rF+}
  1343 | D:2      | 1343 ||| SWAPPING to +5 arbalest of the Vanishing Wishes
                  | {penet, rF+}.
  1344 | D:2      | 1344 ||| DROPPING +1 sling.
  1355 | D:2      | 1355 ||| READING scroll labelled ZYLES QALIUX.
  1355 | D:2      | Identified a scroll of acquirement
  1355 | D:2      | 1355 ||| ACQUIRING +2 pair of boots of the Hart {Rampage
                  | MP+9 Int+6 Slay-3}
  1355 | D:2      | Acquired the +2 pair of boots of the Hart {Rampage MP+9
                  | Int+6 Slay-3}
  1357 | D:2      | 1357 ||| UPGRADING to +2 pair of boots of the Hart {Rampage
                  | MP+9 Int+6 Slay-3}.
  1432 | D:2      | 1432 ||| DRINKING 2 puce potions.
  1433 | D:2      | 1433 ||| READING 2 scrolls of identify.
  1433 | D:2      | 1433 ||| IDENTIFYING green potion
  1460 | D:3      | Reached skill level 4 in Ranged Weapons
  1468 | D:3      | Reached skill level 1 in Armour
  1479 | D:3      | 1479 ||| Stepping ~*~*~tactically~*~*~ (outnumbered).
  1483 | D:3      | Reached XP level 4. HP: 29/36 MP: 4/4
  1486 | D:3      | HP: 6/36 [orc/+0 mace (6)]
  1489 | D:3      | Slain by an orc priest

Levels and vault maps discovered:
D:1:      wander_arrival_fairy_ring, layout_loops_ring,
          shapermc_ecumenical_altar_petra
D:2:      layout_rooms
D:3:      lemuel_castle_with_subvaults [lemuel_castle_interior_carwin_2],
          layout_basic, minmay_misc_feat_iff

Skill      XL: |  1  2  3 |
---------------+----------+-----
Ranged Weapons | 3 4 |  4.9
Fighting       | 2 |  2.1
Armour         | 1 |  1.0
Dodging        | |  2.1
Spellcasting   | |  1.0
Hexes          | |  2.0

Action                     |  1- 3 |  4- 6 || total
---------------------------+-------+-------++-------
   Fire: Sling             |    83 |       ||    83
         Arbalest          |    17 |     7 ||    24
    Use: Scroll            |     5 |       ||     5
         Potion            |     3 |       ||     3
 Armour: Robe              |     2 |       ||     2
         Ring mail         |    23 |     9 ||    32
  Dodge: Dodged            |    45 |    14 ||    59

Table legend:
 A = Non-vault XP
 B = Vault XP
 C = Vault XP percentage of total XP
 D = Non-vault monster count
 E = Vault monster count
 F = Vault count percentage of total count
                 A         B        C        D         E       F
            +---------+---------+-------+---------+---------+-------
      Total |     130 |      26 |  16.7 |      34 |       6 |  15.0
            +---------+---------+-------+---------+---------+-------
        D:1 |      20 |       0 |   0.0 |      13 |       0 |   0.0
        D:2 |      42 |       0 |   0.0 |      16 |       0 |   0.0
        D:3 |      68 |      26 |  27.7 |       5 |       6 |  54.5
            +---------+---------+-------+---------+---------+-------
